 Dungeon Crawl Stone Soup version 0.17.1-2-g5865329 (webtiles) character file.

45 Jerry the Grasshopper (level 3, 0/24 HPs)
             Began as an Octopode Warper on Jan 25, 2016.
             Slain by a gnoll (2 damage)
             ... on level 2 of the Dungeon.
             The game lasted 00:04:07 (1201 turns).

Jerry the Grasshopper (Octopode Warper)             Turns: 1201, Time: 00:04:07

Health: 0/24       AC:  1    Str: 10    XL:     3   Next: 64%
Magic:  6/7        EV: 13    Int: 15    God:
Gold:   64         SH:  0    Dex: 12    Spells: 1 memorised, 6 levels left

rFire  . . .     SeeInvis .     k - +0 whip
rCold  . . .     Clarity  .     (no shield)
rNeg   . . .     SustAt   .     (helmet restricted)
rPois  .         Gourm    .     (no amulet)
rElec  .         Spirit   .     (no ring)
rCorr  .         Warding  .     (no ring)
rMut   .         Stasis   .     (no ring)
MR     .....                    (no ring)
Stlth  ++........               (no ring)
                                (no ring)
                                (no ring)
                                (no ring)

@: not resistant to hostile enchantments, unstealthy
A: almost no armour, amphibious, 8 rings, constrict 8, camouflage 1, gelatinous
body 1
a: no special abilities


You were on level 2 of the Dungeon.
You were not hungry.

You visited 1 branch of the dungeon, and saw 2 of its levels.

You collected 64 gold pieces.

Inventory:

Hand Weapons
 a - a +0 mace
 k - a +0 whip (weapon)
Missiles
 d - 5 tomahawks of dispersal (quivered)
Scrolls
 c - a scroll of blinking
 f - a scroll of identify {unknown}
 g - a scroll of teleportation {unknown}
 h - a scroll of remove curse {unknown}
Potions
 j - 2 potions of degeneration {unknown}
 m - a potion of curing {unknown}
Books
 b - a book of Spatial Translocations

   Spells                             Type                      Level
   a - Apportation                    Translocation                1
   b - Blink                          Translocation                2
   c - Shroud of Golubria             Charms/Translocation         2
   d - Portal Projectile              Translocation                3
   e - Teleport Other                 Translocation                3
   f - Passage of Golubria            Translocation                4
Comestibles
 e - a bread ration
 i - a meat ration
 l - 4 fruits
 n - a beef jerky


   Skills:
 - Level 2.0 Fighting
 + Level 2.7 Maces & Flails
 - Level 1.0 Throwing
 + Level 2.9 Dodging
 + Level 2.7 Spellcasting
 - Level 3.0 Translocations


You had 6 spell levels left.
You knew the following spells:

 Your Spells              Type           Power        Failure   Level  Hunger
a - Apportation           Tloc           ##........   8%          1    #......


Dungeon Overview and Level Annotations

Branches:
Dungeon (2/15)

Altars:
Kikubaaqudgha
The Shining One


Innate Abilities, Weirdness & Mutations

You cannot wear most types of armour.
You are amphibious.
You can wear up to eight rings at the same time.
You can use your tentacles to constrict eight enemies at once.
Your skin changes colour to match your surroundings (Stealth).
Your rubbery body absorbs attacks (AC +1).


Message History

The gnoll hits you.
You hit the gnoll.
The gnoll is moderately wounded.
You constrict the gnoll. The gnoll completely misses you.
You hit the gnoll.
You squeeze the gnoll, but do no damage.
The gnoll is severely wounded.
You constrict the gnoll. The gnoll closely misses you.
A gnoll comes into view. It is wielding a spear.
The gnoll shouts!
You hit the gnoll.
You kill the gnoll!
The gnoll barely misses you. The gnoll hits you.
The gnoll hits you with a spear. The gnoll barely misses you.
The gnoll barely misses you.
The gnoll hits you from afar with a spear!
* * * LOW HITPOINT WARNING * * *
The gnoll hits you.
You die...

#.# ## #.# ..# #.# _# #.#
#.# .#### #.# #.# .... #.#
##### #.# ..#
###.#####...######.##..##
#........###>...g..#.#..#
#........# #...@..gw....#
##..÷####.###.#######.#..#
....)........## #.# #
.#..######†### #.# .#..#
#.# #.. ....# #.# #.g
.#..# #.# #..# .#..### #.#
#.w# ...[...# #.# #..#


You could see a worm and 2 gnolls.

Vanquished Creatures
  A gnoll (D:2)
  An ooze (D:1)
  2 giant geckos (D:1)
  3 bats (D:1)
  4 goblins
  6 hobgoblins (D:1)
  3 jackals (D:1)
  2 kobolds (D:1)
  A giant newt (D:2)
  3 rats (D:1)
26 creatures vanquished.

Notes
Turn   | Place    | Note
--------------------------------------------------------------
     0 | D:1      | Jerry the Octopode Warper began the quest for the Orb.
     0 | D:1      | Reached XP level 1. HP: 14/14 MP: 3/3
    98 | D:1      | Reached XP level 2. HP: 19/19 MP: 5/5
   718 | D:1      | Reached XP level 3. HP: 24/24 MP: 6/6
   958 | D:1      | Found a glowing golden altar of the Shining One.
  1182 | D:2      | Found an ancient bone altar of Kikubaaqudgha.
  1200 | D:2      | HP: 1/24 [gnoll/spear (8)]
  1201 | D:2      | Slain by a gnoll

Action                   || total
-------------------------++-------
Melee: Mace              ||    25
       Whip              ||    32
 Stab: Sleeping          ||     5
  Eat: Chunk             ||     1
